 Dungeon Crawl Stone Soup version bcrawl-1.19.2-6-g6a88ae04c9 (webtiles) character file.

Game seed: 12984636378656468730

3428 Mrkan the Cleaver (level 9, -2/82 HPs)
             Began as a Minotaur Fighter on Dec 31, 2019.
             Was a High Priest of Okawaru.
             Slain by a centaur warrior (3 damage)
             ... on level 7 of the Dungeon.
             The game lasted 00:10:24 (6468 turns).

Mrkan the Cleaver (Minotaur Fighter)                Turns: 6468, Time: 00:10:24

Health: -2/82      AC: 13    Str: 21    XL:     9   Next: 76%
Magic:  8/8        EV:  5    Int:  5    God:    Okawaru [*****.]
Gold:   586        SH: 11    Dex: 13    Spells: 8/8 levels left

rFire    . . .     SeeInvis .   a - +0 war axe
rCold    . . .     Gourm    .   c - +0 shield
rNeg     . . .     Faith    .   z - +0 plate armour
rPois    .         Spirit   .   (helmet restricted)
rElec    .         Reflect  .   m - scarf {cloud immunity}
rCorr    .         Harm     .   (no gloves)
MR       .....                  (no boots)
Stlth    ..........             (no amulet)
HPRegen  0.23/turn              (no ring)
MPRegen  0.11/turn              (no ring)

@: lethally poisoned (-2 -> -9), invisible
A: retaliatory headbutt, horns 2
a: Heroism, Finesse, Renounce Religion


You were on level 7 of the Dungeon.
You worshipped Okawaru.
Okawaru was extremely pleased with you.
You were not hungry.

You visited 1 branch of the dungeon, and saw 7 of its levels.

You collected 586 gold pieces.

Inventory:

Hand Weapons
 a - a +0 war axe (weapon)
 A - the +8 whip "Snakebite" {curare, rPois}
   (You found it on level 6 of the Dungeon)

   It poisons the flesh of those it strikes.
   It protects you from poison.
Armour
 c - a +0 shield (worn)
 m - a scarf of cloud immunity (worn)
 z - a +0 plate armour (worn)
Jewellery
 b - a +2 ring of intelligence {unknown}
 d - an uncursed amulet of guardian spirit {unknown}
 o - a +2 amulet of reflection
 t - an uncursed ring of see invisible {unknown}
 v - an uncursed amulet of the gourmand {unknown}
 B - a +4 ring of evasion {unknown}
Scrolls
 e - 9 scrolls of identify {unknown}
 h - a scroll of remove curse {unknown}
 j - 2 scrolls of magic mapping {unknown}
 p - 2 scrolls of immolation {unknown}
 q - 4 scrolls of enchant armour {unknown}
 s - 3 scrolls of teleportation {unknown}
 w - a scroll of amnesia {unknown}
 y - a scroll of blinking {unknown}
 C - a scroll of noise {unknown}
Potions
 g - a potion of agility {unknown}
 k - 3 potions of curing {unknown}
 n - 2 potions of mutation {unknown}
 r - a potion of lignification {unknown}
 u - a potion of ambrosia {unknown}
 x - a potion of flight {unknown}
Comestibles
 f - 13 rations {!d}


   Skills:
 + Level 8.3 Fighting
 * Level 10.7 Axes
 + Level 8.3 Armour
 + Level 8.3 Shields


You had 8 spell levels left.
You didn't know any spells.
Your spell library was empty.

Dungeon Overview and Level Annotations

Branches:
Dungeon (7/12)             Temple (0/1) D:4
   Lair: D:7-9

Altars:
Elyvilon
Fedhas
Okawaru

Shops:
D:7 [


Innate Abilities, Weirdness & Mutations

You reflexively headbutt those who attack you in melee.
You have a pair of horns on your head.


Message History

Your headbutt misses the centaur warrior.
The centaur warrior is heavily wounded.
* * * LOW HITPOINT WARNING * * *
You feel sick.
The centaur warrior completely misses you.
You slash the centaur warrior!
Your headbutt misses the centaur warrior.
The centaur warrior is severely wounded.
* * * LOW HITPOINT WARNING * * *
You feel sick. You block the centaur warrior's attack.
You slash the centaur warrior!
The centaur warrior is almost dead.
* * * LOW HITPOINT WARNING * * *
You feel sick. You block the centaur warrior's attack.
The centaur warrior hits you!
* * * LOW HITPOINT WARNING * * *
You fade into invisibility!
* * * LOW HITPOINT WARNING * * *
You feel sick. The centaur warrior hits you.
You die...

...#######...### ##
...# #...# .## ).##
#..#####..# ...#
##..#.....# ...#
#.........# ..##
#...###).## ..#
####+#>.#.##.##
..##..#..........##
..##.....#...#.c@.#
(.##....#...##.....#
..................#.#
##................#.#
###...............# #
##................
##.................
............#...#...
....#........


You could see a centaur warrior.

Vanquished Creatures
  Grinder (D:4)
  A hornet (D:7)
  A hippogriff (D:5)
  Sigmund (D:4)
  Menkaure (D:5)
  A crocodile (D:4)
  2 orc warriors (D:6)
  A sky beast (D:5)
  A black bear (D:3)
  2 ice beasts
  A phantom (D:6)
  4 ogres
  2 bullfrogs
  A gnoll sergeant (D:5)
  A wyvern zombie (D:4)
  A water moccasin zombie (D:5)
  3 scorpions
  2 howler monkeys
  4 crimson imps
  A bullfrog zombie (D:5)
  A hound (D:5)
  3 jellies
  2 orc wizards (D:4)
  Crazy Yiuf (D:2)
  A centaur skeleton (D:6)
  Jessica (D:2)
  An iguana (D:4)
  7 worker ants
  5 gnolls (D:5)
  15 adders
  2 oozes (D:5)
  An adder zombie (D:5)
  2 adder skeletons
  6 worms
  A dart slug (D:3)
  2 leopard geckos (D:1)
  18 orcs
  3 giant cockroaches
  11 goblins
  11 hobgoblins
  12 jackals
  7 quokkas
  8 bats (D:1)
  A jackal zombie (D:5)
  11 kobolds
  20 rats
185 creatures vanquished.

Notes
Turn   | Place    | Note
-------+----------+-------------------------------------------
     0 | D:1      | Mrkan the Minotaur Fighter began the quest for the Orb.
     0 | D:1      | Reached XP level 1. HP: 19/19 MP: 0/0
    95 | D:1      | Reached XP level 2. HP: 27/27 MP: 1/1
   355 | D:1      | Reached skill level 3 in Axes
   608 | D:1      | Reached XP level 3. HP: 31/33 MP: 2/2
   914 | D:2      | Found an iron altar of Okawaru.
   930 | D:2      | Became a worshipper of Warmaster Okawaru
   999 | D:2      | Noticed Jessica
  1003 | D:2      | Killed Jessica
  1003 | D:2      | Reached XP level 4. HP: 40/40 MP: 3/3
  1063 | D:2      | Found a runed door.
  1131 | D:2      | Noticed Crazy Yiuf
  1139 | D:2      | Killed Crazy Yiuf
  1139 | D:2      | Reached skill level 4 in Axes
  1482 | D:3      | Noticed an ice beast
  1496 | D:2      | Killed an ice beast
  1496 | D:2      | Reached * piety under Okawaru
  1496 | D:2      | Reached XP level 5. HP: 38/47 MP: 4/4
  1542 | D:3      | Reached skill level 5 in Axes
  1958 | D:3      | Reached XP level 6. HP: 38/55 MP: 5/5
  2597 | D:3      | Reached skill level 5 in Fighting
  2597 | D:3      | Reached skill level 5 in Armour
  2597 | D:3      | Reached skill level 5 in Shields
  2896 | D:3      | Found a blossoming altar of Fedhas.
  2979 | D:4      | Noticed Sigmund
  2988 | D:4      | Killed Sigmund
  2988 | D:4      | Reached ** piety under Okawaru
  2988 | D:4      | Reached skill level 6 in Axes
  2988 | D:4      | Reached XP level 7. HP: 48/61 MP: 6/6
  3285 | D:4      | Noticed Grinder
  3293 | D:4      | Reached skill level 7 in Axes
  3298 | D:4      | Paralysed by something for 4 turns
  3315 | D:4      | Paralysed by something for 2 turns
  3339 | D:4      | Killed Grinder
  3339 | D:4      | Reached *** piety under Okawaru
  3339 | D:4      | Reached XP level 8. HP: 25/70 MP: 7/7
  3610 | D:4      | Found a staircase to the Ecumenical Temple.
  3643 | D:4      | Reached skill level 8 in Axes
  4029 | D:4      | Found a white marble altar of Elyvilon.
  4187 | D:5      | Entered Level 5 of the Dungeon
  4669 | D:5      | Noticed a hippogriff
  4677 | D:5      | Killed a hippogriff
  4677 | D:5      | Reached **** piety under Okawaru
  4677 | D:5      | Reached skill level 9 in Axes
  4681 | D:5      | Reached XP level 9. HP: 45/79 MP: 8/8
  5149 | D:5      | Noticed Menkaure
  5156 | D:5      | Killed Menkaure
  5734 | D:6      | Found the +8 whip "Snakebite" {curare, rPois}
  5738 | D:6      | Found a sand-covered staircase.
  5825 | D:6      | Reached skill level 10 in Axes
  5838 | D:6      | Found an iron altar of Okawaru.
  5875 | D:6      | Reached ***** piety under Okawaru
  6396 | D:7      | Found Coazeme's Armour Boutique.
  6444 | D:7      | Noticed a centaur warrior
  6460 | D:7      | HP: 2/82 [poisoned by a hornet]
  6467 | D:7      | HP: 2/82 [centaur warrior (7)]
  6468 | D:7      | Slain by a centaur warrior

Skill      XL: |  1  2  3  4  5  6  7  8  9 |
---------------+----------------------------+-----
Axes           | 3 4 5 6 7 9 10 | 10.7
Fighting       | 4 5 6 7 8 |  8.3
Shields        | 4 5 6 7 8 |  8.3
Armour         | 4 5 6 7 8 |  8.3

Action                   |  1- 3 |  4- 6 |  7- 9 || total
-------------------------+-------+-------+-------++-------
Melee: War axe           |    60 |   141 |   294 ||   495
       Headbutt          |     8 |    23 |    70 ||   101
  Use: Potion            |       |       |     4 ||     4
  Eat: Chunk             |       |     7 |     8 ||    15
       Ration            |       |       |     1 ||     1
Armor: Scale mail        |    40 |    51 |       ||    91
       Chain mail        |       |    28 |   140 ||   168
       Plate armour      |       |       |    20 ||    20
Dodge: Dodged            |    28 |    40 |    82 ||   150
Block: Shield            |    43 |    98 |   195 ||   336
